 Seeded DCSS version 0.26-a0-1013-gf6ffb0d6bd (webtiles) character file.

Game seed: 42069 (custom seed)

7 runemasterragnar the Vexing (level 2, 0/28 HPs)
             Began as an Ogre Arcane Marksman on Dec 7, 2020.
             Slain by a leopard gecko (2 damage)
             ... on level 1 of the Dungeon.
             The game lasted 00:01:02 (289 turns).

runemasterragnar the Vexing (Ogre Arcane Marksman)   Turns: 289, Time: 00:01:03

Health: 0/28       AC:  3    Str: 13    XL:     2   Next: 4%
Magic:  4/4        EV: 10    Int: 14    God:
Gold:   18         SH:  0    Dex:  9    Spells: 2/3 levels left

rFire    . . .     SeeInvis .   (no weapon)
rCold    . . .     Faith    .   (no shield)
rNeg     . . .     Spirit   .   a - +0 robe
rPois    .         Reflect  .   (helmet restricted)
rElec    .         Harm     .   (no cloak)
rCorr    .         Rampage  .   (gloves unavailable)
Will     .....                  (boots unavailable)
Stlth    +.........             (no amulet)
HPRegen  0.09/turn              (no ring)
MPRegen  0.09/turn              (no ring)

@: no status effects
A: large, unfitting armour, tough skin 1
a: no special abilities


You were on level 1 of the Dungeon.
You visited 1 branch of the dungeon, and saw 1 of its levels.

You collected 18 gold pieces.

Inventory:

Missiles
 b - 16 stones
 c - 3 large rocks (quivered)
 d - 2 throwing nets
Armour
 a - a +0 robe (worn)
Scrolls
 f - a scroll of fog {unknown}


   Skills:
 + Level 1.7 Fighting
 + Level 2.1 Throwing
 + Level 1.9 Dodging
 + Level 1.4 Spellcasting
 + Level 2.8 Hexes


You had 2 spell levels left.
You knew the following spells:

 Your Spells              Type           Power        Failure   Level
a - Corona                Hex            #......      8%          1

Your spell library contained the following spells:

 Spells                   Type           Power        Failure   Level
 Slow                     Hex            #.......     12%         2
 Inner Flame              Hex/Fire       #.......     38%         3
 Portal Projectile        Hex/Tloc       #.....       38%         3
 Cause Fear               Hex            #.........   61%         4
 Leda's Liquefaction      Hex/Erth       #.........   80%         4


Dungeon Overview and Level Annotations

Branches:
Dungeon (1/15)

Altars:


Innate Abilities, Weirdness & Mutations

You are too large for most types of armour.
You have tough skin. (AC +1)


Message History

The leopard gecko is moderately wounded.
The leopard gecko bites you.
* * * LOW HITPOINT WARNING * * *
The rat closely misses you.
You hit the leopard gecko but do no damage.
The leopard gecko is moderately wounded.
The leopard gecko barely misses you. The rat barely misses you.
The leopard gecko barely misses you. The rat closely misses you.
The rat closely misses you. The leopard gecko bites you.
* * * LOW HITPOINT WARNING * * *
You aren't carrying any potions.
Throw: 4 large rocks
Press: ? - help, Q - select action, (/) - cycle Shift-Dir - straight line, f/p - leopard gecko
Aim: a leopard gecko (lightly wounded)
You throw a large rock.
The large rock hits the leopard gecko but does no damage.
The leopard gecko is lightly wounded.
The leopard gecko bites you.
You die...

#...##...# #...##.###
#......#
###..#################
##....)(.((.(((.(...
#...≈≈≈≈≈≈≈≈.....≈≈
#..≈≈≈≈≈≈≈≈≈≈[..≈≈≈
#.lr≈≈≈≈≈≈≈≈≈...≈≈≈
#.@P≈≈≈≈≈≈≈≈.....≈≈
#.............<....
#..P≈≈≈≈≈≈≈≈[....≈≈
#..≈≈≈≈≈≈≈≈≈≈...≈≈≈
#..≈≈≈≈≈≈≈≈≈≈..(≈≈≈
#..P≈≈≈≈≈≈≈≈P...P≈≈
#.......(..........
#.................#
.....######..


You could see a leopard gecko and a rat.

Vanquished Creatures
  A bat (D:1)
  2 giant cockroaches (D:1)
  2 hobgoblins (D:1)
  A kobold (D:1)
6 creatures vanquished.

Vanquished Creatures (others)
  4 plants (D:1)
4 creatures vanquished.

Grand Total: 10 creatures vanquished

Notes
Turn   | Place    | Note
-------+----------+-------------------------------------------
     0 | D:1      | runemasterragnar the Ogre Arcane Marksman began the quest
                  | for the Orb.
     0 | D:1      | Reached XP level 1. HP: 19/19 MP: 2/2
   268 | D:1      | Reached XP level 2. HP: 26/28 MP: 4/4
   289 | D:1      | Slain by a leopard gecko

Illustrated notes

Levels and vault maps discovered:
D:1:      giann_bridges, layout_basic, chequers_serial_rivers_micro_a,
          kennysheep_decorative_pillar

Action                   || total
-------------------------++-------
Melee: Unarmed           ||    28
Throw: Dart              ||    19
       Large rock        ||     1
Armor: Robe              ||    29
Dodge: Dodged            ||    46

Table legend: (Time is in decaauts)
 A = Elapsed time spent in this place.
 B = Non-inter-level travel time spent in this place.
 C = Inter-level travel time spent in this place.
 D = Time resting spent in this place.
 E = Time spent auto-exploring this place.
 F = Levels seen in this place.
 G = Mean time per level.
                   A        B        C        D        E       F      G
               +--------+--------+--------+--------+--------+-----+--------+
         Total |    287 |    287 |      0 |      0 |    173 |   1 |  287.0 |
       Dungeon |    287 |    287 |      0 |      0 |    173 |   1 |  287.0 |
               +--------+--------+--------+--------+--------+-----+--------+

Top non-repeatable levels by time:
     D:1: 287 daAuts
